 Dungeon Crawl Stone Soup version 0.30-a0-222-ge547ba4400 (webtiles) character file.

Game seed: 9079138674353289429

432 Bnni the Poker (level 7, 0/56 HPs)
             Began as a Formicid Fighter on Oct 9, 2022.
             Slain by nj0rd12's ghost (9 damage)
             ... on level 3 of the Dungeon.
             The game lasted 00:05:43 (2620 turns).

Bnni the Poker (Formicid Fighter)                   Turns: 2620, Time: 00:05:44

Health: 0/56       AC:  6    Str: 23    XL:     7   Next: 20%
Magic:  7/7        EV:  9    Int:  7    God:
Gold:   140        SH:  5    Dex: 13    Spells: 6/6 levels left

rFire   . . .      SeeInvis +    a - +1 trident
rCold   . . .      Faith    .    c - +0 buckler
rNeg    . . .      Spirit   .    b - +0 scale mail
rPois   .          Reflect  .    (helmet unavailable)
rElec   .          Harm     .    (no cloak)
rCorr   .          Rampage  .    (no gloves)
Will    .....                    (no boots)
Stlth   ..........               (no amulet)
HPRegen 0.29/turn                (no ring)
MPRegen 0.10/turn                (no ring)

@: invisible (expiring)
A: permanent stasis, dig shafts and tunnels, antennae 3, four strong arms
a: Dig, Shaft Self


You were on level 3 of the Dungeon.
You visited 1 branch of the dungeon, and saw 3 of its levels.

You collected 140 gold pieces.

Inventory:

Hand Weapons
 a - a +1 trident (weapon)
 d - a +0 halberd
 h - the +10 dire flail "Raus" {flame, rElec}
   (You took it off an ogre on level 3 of the Dungeon)

   It burns those it strikes, dealing additional fire damage.
   rElec:     It insulates you from electricity.
 o - a +0 arbalest
Armour
 b - a +0 scale mail (worn)
 c - a +0 buckler (worn)
Scrolls
 e - a scroll of poison {unknown}
 f - 4 scrolls of enchant weapon
 g - a scroll of amnesia
 i - a scroll of torment {unknown}
 m - a scroll of brand weapon {unknown}
 n - 2 scrolls of immolation {unknown}
 q - a scroll of butterflies {unknown}
Potions
 j - a potion of degeneration {unknown}
 l - a potion of invisibility


   Skills:
 + Level 5.2 Fighting
 * Level 5.7 Polearms
 - Level 3.2 Armour
 - Level 5.0 Shields


You had 6 spell levels left.
You didn't know any spells.
Your spell library contained the following spells:

 Spells                   Type           Power      Damage    Failure   Level
 Magic Dart               Conj           0%         1d3       80%         1
 Ensorcelled Hibernation  Hex/Ice        0%         N/A       91%         2
 Scorch                   Fire           0%         2d5       91%         2
 Searing Ray              Conj           0%         2d4       91%         2
 Spider Form              Tmut/Pois      0%         N/A       99%         3
 Anguish                  Hex/Necr       0%         N/A       100%        4
 Flame Wave               Conj/Fire      0%         2d4       100%        4
 Fulminant Prism          Conj/Hex       0%         3d6       100%        4
 Summon Cactus Giant      Summ           0%         N/A       100%        6


Dungeon Overview and Level Annotations

Branches:
Dungeon (3/15)

Altars:
Gozag

Annotations:
D:3 1 transporter, nj0rd12's ghost, weakling DsFi


Innate Abilities, Weirdness & Mutations

You cannot be hasted, slowed, berserked, paralysed or teleported.
You can dig through walls and to a lower floor.
You have a pair of large antennae on your head. (SInv)
Your four strong arms can wield two-handed weapons with a shield.


Message History

You barely miss the ogre.
The ogre is heavily wounded.
You hit the ogre.
The ogre is heavily wounded.
The ogre hits you with the +10 dire flail "Raus" {flame, rElec}!!
* * * LOW HITPOINT WARNING * * *
The ogre burns you!
* * * LOW HITPOINT WARNING * * *
Unknown command.
You feel much better.
The ogre hits you with the +10 dire flail "Raus" {flame, rElec}!
The ogre burns you.
You feel much better. You block the ogre's attack.
You hit the ogre.
The ogre is severely wounded.
You hit the ogre.
The ogre is severely wounded.
The ogre hits you with the +10 dire flail "Raus" {flame, rElec}!
The ogre burns you.
You hit the ogre.
The ogre is almost dead.
The ogre hits you with the +10 dire flail "Raus" {flame, rElec}!
* * * LOW HITPOINT WARNING * * *
The ogre burns you.
* * * LOW HITPOINT WARNING * * *
You feel better.
You puncture the ogre!
You kill the ogre!
You have reached level 7!
It was a potion of invisibility.
You fade into invisibility!
Nj0rd12's ghost hits you!
* * * LOW HITPOINT WARNING * * *
Okay, then.
You see here a +0 leather armour.
You flicker for a moment.
You see here the +10 dire flail "Raus" {flame, rElec}.
h - the +10 dire flail "Raus" {flame, rElec} Nj0rd12's ghost hits you!
You die...

##.#..########......#
#.#..#.. ...#..###.#
#....#..##..#..# #.#
###..#.#..#.#..# #.#
##.#.#..#.#..# #.#
###..##..#©.###.#
#©....(#....#.#
#.W##.)#©.#.#.###
#@#[.#.#........#
#.#..#.#..#####.#
#..##..#..# #.#
#####.....©#..## #.##
#...########.(.# #...
#.##.....##.##.# ####
#.##....###.##.#
#.##.#.####.##.#
#.##.#......##.#


You could see nj0rd12's ghost (unable to see you).

Vanquished Creatures
  An ogre (D:3)
  An orc priest (D:3)
  Jessica (D:2)
  Natasha (thrice) (D:2)
  2 orc wizards (D:2)
  Terence (D:2)
  Robin (D:3)
  3 gnolls (D:3)
  3 adders
  A worm (D:3)
  8 orcs
  5 endoplasms
  4 giant cockroaches
  14 goblins
  3 hobgoblins
  4 jackals (D:3)
  3 kobolds
  A quokka (D:1)
  5 ball pythons
  A bat (D:2)
  2 frilled lizards
  4 rats
71 creatures vanquished.

Notes
Turn   | Place    | Note
-------+----------+-------------------------------------------
     0 | D:1      | Bnni the Formicid Fighter began the quest for the Orb.
     0 | D:1      | Reached XP level 1. HP: 18/18 MP: 1/1
   215 | D:1      | Reached XP level 2. HP: 24/24 MP: 2/2
   572 | D:2      | Noticed Natasha
   577 | D:2      | Killed Natasha
   578 | D:2      | Reached XP level 3. HP: 12/29 MP: 3/3
   650 | D:2      | Found an opulent altar of Gozag.
   675 | D:2      | You fall into a shaft and drop 1 floor!
   772 | D:2      | Reached XP level 4. HP: 37/37 MP: 4/4
   791 | D:2      | Reached skill level 5 in Shields
   995 | D:2      | Noticed Natasha
  1010 | D:2      | Killed Natasha
  1091 | D:2      | Noticed Terence
  1095 | D:2      | Noticed Jessica
  1100 | D:2      | Killed Terence
  1101 | D:2      | Reached XP level 5. HP: 36/42 MP: 5/5
  1111 | D:2      | Killed Jessica
  1334 | D:2      | Noticed Natasha
  1341 | D:2      | Killed Natasha
  1514 | D:2      | Reached XP level 6. HP: 39/49 MP: 6/6
  1836 | D:3      | Reached skill level 5 in Polearms
  2037 | D:3      | Noticed Robin
  2053 | D:3      | Reached skill level 5 in Fighting
  2057 | D:3      | Killed Robin
  2512 | D:3      | Found a transporter.
  2513 | D:3      | Found a transporter.
  2514 | D:3      | Noticed nj0rd12's ghost (weakling DsFi)
  2520 | D:3      | Identified the +10 dire flail "Raus" {flame, rElec}
  2520 | D:3      | Noticed an ogre
  2603 | D:3      | HP: 1/51 [ogre/the +10 dire flail "Raus" {flame, rElec}
                  | (9)]
  2610 | D:3      | Killed an ogre
  2611 | D:3      | Reached XP level 7. HP: 16/56 MP: 7/7
  2620 | D:3      | Slain by nj0rd12's ghost

Illustrated notes

Levels and vault maps discovered:
D:1:      eino_arrival_cavern_d, layout_basic
D:2:      layout_basic, basic_altar, nicolae_underground_beach, uniq_terence,
          uniq_jessica, uniq_natasha
D:3:      layout_loops_ring, gammafunk_ghost_smash, dk_noncrumbling_3,
          serial_park_tiny_pond, uniq_robin

Skill      XL: |  1  2  3  4  5  6 |
---------------+-------------------+-----
Polearms       | 3 4 5 |  5.7
Shields        | 5 |  5.0
Fighting       | 4 5 |  5.2
Armour         | |  3.2

Action                   |  1- 3 |  4- 6 |  7- 9 || total
-------------------------+-------+-------+-------++-------
Melee: Trident           |    54 |   197 |       ||   251
  Use: Potion            |       |     5 |     1 ||     6
       Scroll            |       |     7 |       ||     7
Armor: Scale mail        |    14 |    54 |       ||    68
       Skin              |       |     9 |       ||     9
Dodge: Dodged            |    15 |    82 |       ||    97
Block: Buckler           |    10 |    43 |       ||    53

Table legend: (Time is in decaauts)
 A = Elapsed time spent in this place.
 B = Non-inter-level travel time spent in this place.
 C = Inter-level travel time spent in this place.
 D = Time resting spent in this place.
 E = Time spent auto-exploring this place.
 F = Levels seen in this place.
 G = Mean time per level.
                   A        B        C        D        E       F      G
               +--------+--------+--------+--------+--------+-----+--------+
         Total |   2651 |   2559 |     92 |    241 |   1795 |   3 |  883.7 |
       Dungeon |   2651 |   2559 |     92 |    241 |   1795 |   3 |  883.7 |
               +--------+--------+--------+--------+--------+-----+--------+

Top non-repeatable levels by time:
     D:2: 1063 daAuts
     D:3: 1010 daAuts
     D:1: 578 daAuts
